 Dungeon Crawl Stone Soup version 0.30.0-19-g36f170ea60 (webtiles) character file.

Game seed: 17811789418234920817

1082 PaiMei the Chiller (level 8, 0/61 HPs)
             Began as a Merfolk Ice Elementalist on May 30, 2023.
             Was a Follower of Vehumet.
             Succumbed to a scorpion's poison
             ... on level 5 of the Dungeon.
             The game lasted 00:12:30 (6681 turns).

PaiMei the Chiller (Merfolk Ice Elementalist)       Turns: 6681, Time: 00:12:31

Health: 0/61       AC:  5    Str:  8    XL:     8   Next: 30%
Magic:  15/15      EV: 15    Int: 16    God:    Vehumet [*.....]
Gold:   344        SH:  5    Dex: 15    Spells: 12/16 levels left

rFire   + . .        z - +0 hand axe (elec)
rCold   . . .        (no shield)
rNeg    . . .        d - +0 robe
rPois   .            (no helmet)
rElec   .            D - +2 cloak
rCorr   .            (no gloves)
SInv    .            (no boots)
Will    .....        n - amulet of reflection
Stlth   ++           e - ring of protection from fire
HPRegen 0.30/turn    (no ring)
MPRegen 0.14/turn

%: reflection
@: lethally poisoned (0 -> -5)
A: (nimble swimmer 2), mertail
a: Renounce Religion


You were on level 5 of the Dungeon.
You worshipped Vehumet.
Vehumet was aware of your devotion.
You visited 1 branch of the dungeon, and saw 5 of its levels.

You collected 344 gold pieces.

Inventory:

Hand Weapons
 a - a +1 dagger of draining
 b - a +2 antimagic sling
 y - a +0 spear
 z - a +0 hand axe of electrocution (weapon)
Missiles
 g - 36 stones
 p - 3 curare-tipped darts
 A - 6 poisoned darts (quivered)
 I - 4 boomerangs
Armour
 d - a +0 robe (worn)
 D - a +2 cloak (worn)
Magical Staves
 E - a staff of earth
Jewellery
 e - a ring of protection from fire (left hand)
 n - an amulet of reflection (around neck)
Scrolls
 c - 3 scrolls of enchant armour {unknown}
 f - 4 scrolls of identify {unknown}
 h - 2 scrolls of fog {unknown}
 i - 2 scrolls of amnesia {unknown}
 j - 2 scrolls of immolation {unknown}
 l - a scroll of acquirement {unknown}
 m - 2 scrolls of noise {unknown}
 r - a scroll of enchant weapon {unknown}
 s - 2 scrolls of teleportation {unknown}
 v - a scroll of fear {unknown}
 w - a scroll of poison {unknown}
 B - a scroll of blinking {unknown}
 C - a scroll of torment {unknown}
 G - a scroll of vulnerability {unknown}
Potions
 k - a potion of brilliance {unknown}
 o - 2 potions of mutation {unknown}
 q - a potion of magic
 t - 2 potions of haste {unknown}
 u - 2 potions of resistance {unknown}
 x - a potion of might {unknown}
 F - a potion of flight {unknown}
 H - 2 potions of heal wounds {unknown}


   Skills:
 + Level 4.8 Fighting
 + Level 6.7 Dodging
 - Level 2.5 Stealth
 + Level 4.6 Spellcasting
 + Level 6.8 Ice Magic


You had 12 spell levels left.
You knew the following spells:

 Your Spells              Type           Power      Damage    Failure   Level
a - Freeze                Ice            100%       1d10      1%          1
b - Frozen Ramparts       Ice            50%        1d8       2%          3

Your spell library contained the following spells:

 Spells                   Type           Power      Damage    Failure   Level
 Sandblast                Erth           6%         2d5       16%         1
 Ozocubu's Armour         Ice            25%        N/A       2%          3
 Sting                    Tmut/Pois      12%        1d3       16%         1
 Poisonous Vapours        Pois/Air       6%         N/A       24%         2
 Summon Ice Beast         Ice/Summ       14%        N/A       36%         4
 Stone Arrow              Conj/Erth      6%         3d7       43%         3
 Animate Armour           Summ/Erth      6%         N/A       85%         4
 Olgreb's Toxic Radiance  Pois           3%         N/A       85%         4
 Lehudib's Crystal Spear  Conj/Erth      1%         10d2      100%        8


Dungeon Overview and Level Annotations

Branches:
Dungeon (5/15)
 Temple: D:4-7

Altars:
Fedhas
Gozag
Okawaru
Sif Muna
Vehumet
Wu Jian
Xom
Zin

Shops:
D:3 [   D:4 =


Innate Abilities, Weirdness & Mutations

((You are very nimble when in or above water. (Stealth+, EV+, Speed+++)))
Your lower body shifts to a powerful aquatic tail in water.


Message History

The phantom attacks as you move away! The phantom hits you.
The scorpion attacks as you move away! The scorpion stings you.
The scorpion misses you. The phantom attacks as you move away!
The phantom closely misses you. The scorpion attacks as you move away!
The scorpion misses you. The phantom attacks as you move away!
You block the phantom's attack. The phantom attacks as you move away!
The phantom misses you. The phantom attacks as you move away!
The phantom closely misses you. The scorpion barely misses you.
Things that are here:
a boomerang; a +0 club The scorpion attacks as you move away!
The scorpion stings you.
You are poisoned.
The scorpion poisons you! The phantom attacks as you move away!
The phantom barely misses you.
You feel very sick.
You feel sick. The phantom attacks as you move away! The phantom hits you.
You feel sick.
You see here a +0 mace.
The phantom attacks as you move away! The phantom barely misses you.
You feel sick.
You see here a +0 short sword.
The scorpion attacks as you move away! The scorpion stings you.
You are lethally poisoned!
The scorpion poisons you!
* * * LOW HITPOINT WARNING * * *
You feel very sick. You block the scorpion's attack.
The scorpion attacks as you move away! The scorpion stings you.
* * * LOW HITPOINT WARNING * * *
x2 You feel very sick.
* * * LOW HITPOINT WARNING * * *
You feel very sick. The phantom attacks as you move away!
You block the phantom's attack.
* * * LOW HITPOINT WARNING * * *
You feel sick.
* * * LOW HITPOINT WARNING * * *
You feel sick. The phantom attacks as you move away!
The phantom closely misses you.
You die...

#....# ##.....##. ##.#.#
#.......#. #.#.### ####
#._..._.## #.....########
#..#####.......#.
##.##.##.....###......#########.
#.##.#.......#..#######....#...
#.>#<.......).[####.......##...
####.##.........<[)).........#...
#...............@#####...........
#....##..........# #...........
#....##........W## #...........
#....###.......## ###...........
#....W..........####.............
#....##..........))..(...........
#....##.....)...[)...............
#.....#..........................
#####.#..........................


You could see a phantom.

Vanquished Creatures
  3 black bears
  2 ogres (D:5)
  A scorpion (D:5)
  5 hounds
  A jelly (D:5)
  An orc priest (D:5)
  An iguana (D:5)
  3 orc wizards
  4 gnolls (D:3)
  11 adders
  A shadow imp (D:5)
  A white imp (D:5)
  2 ufetubi
  4 worms
  4 dart slugs
  14 orcs
  8 endoplasms
  4 giant cockroaches
  7 goblins
  7 hobgoblins
  5 quokkas
  8 ball pythons
  9 bats
  2 frilled lizards
  4 kobolds
  6 rats
118 creatures vanquished.

Notes
Turn   | Place    | Note
-------+----------+-------------------------------------------
     0 | D:1      | PaiMei the Merfolk Ice Elementalist began the quest for the
                  | Orb.
     0 | D:1      | Reached XP level 1. HP: 13/13 MP: 3/3
   184 | D:1      | Reached XP level 2. HP: 13/19 MP: 0/5
   374 | D:1      | You fall into a shaft and drop 1 floor!
  1046 | D:2      | Reached XP level 3. HP: 25/25 MP: 6/6
  1050 | D:2      | Learned a level 3 spell: Frozen Ramparts
  1060 | D:2      | Found an ornate altar of the Wu Jian Council.
  1272 | D:2      | Reached skill level 1 in Fighting
  1589 | D:2      | Reached XP level 4. HP: 27/32 MP: 2/7
  2617 | D:3      | Reached skill level 5 in Ice Magic
  2812 | D:3      | Reached XP level 5. HP: 34/38 MP: 6/9
  3076 | D:3      | Found a shimmering altar of Xom.
  3477 | D:3      | Found a blossoming altar of Fedhas.
  3757 | D:3      | Found Ogeobbat's Armour Shoppe.
  3762 | D:3      | Reached XP level 6. HP: 46/46 MP: 4/10
  3887 | D:3      | Found a shimmering blue altar of Sif Muna.
  3957 | D:3      | Found a radiant altar of Vehumet.
  3960 | D:3      | Became a worshipper of Vehumet
  3979 | D:4      | Found Idwyresm's Jewellery Emporium.
  3984 | D:4      | Noticed a black bear
  3997 | D:4      | Killed a black bear
  4300 | D:4      | Reached skill level 5 in Dodging
  4617 | D:4      | Noticed a black bear
  4624 | D:4      | Killed a black bear
  4625 | D:4      | Reached XP level 7. HP: 50/52 MP: 5/12
  4981 | D:5      | Entered Level 5 of the Dungeon
  4984 | D:5      | Found an iron altar of Okawaru.
  5440 | D:5      | Reached * piety under Vehumet
  5440 | D:5      | Offered knowledge of Sandblast by Vehumet.
  5904 | D:4      | Reached XP level 8. HP: 44/61 MP: 10/14
  6492 | D:5      | Found an opulent altar of Gozag.
  6492 | D:5      | Found a glowing silver altar of Zin.
  6679 | D:5      | HP: 3/61 [poisoned by a scorpion]
  6681 | D:5      | Succumbed to a scorpion's poison

Illustrated notes

Levels and vault maps discovered:
D:1:      elethiomel_arrival_shortcut, layout_loops_corners,
          minmay_worlds_worst_comb
D:2:      minmay_thinvault, layout_basic, basic_altar, minmay_small_reverse_x
D:3:      layout_basic, led_sif_pool, lemuel_coloured_pillars_altar,
          mainiacjoe_overflow_swirl, serial_shops, shop
D:4:      layout_cave_pools, serial_shops, nicolae_shop_stone, roderic_lattice_a
D:5:      minmay_opposing_rooms, layout_rooms, okawaru_ov_weapons_minmay,
          grunt_temple_overflow_gold_and_silver, minmay_temple_entry_poolview,
          minmay_puff

Skill      XL: |  1  2  3  4  5  6  7 |
---------------+----------------------+-----
Dodging        | 3 4 5 6 |  6.7
Fighting       | 1 2 3 4 |  4.8
Ice Magic      | 5 6 |  6.8
Spellcasting   | 3 4 |  4.6
Stealth        | |  2.5

Action                     |  1- 3 |  4- 6 |  7- 9 || total
---------------------------+-------+-------+-------++-------
  Melee: Unarmed           |     5 |       |       ||     5
         Whip              |    60 |    20 |       ||    80
         Punch             |     1 |       |       ||     1
         Dagger            |       |    30 |       ||    30
         Hand axe          |       |    23 |    45 ||    68
   Fire: Sling             |       |     6 |       ||     6
   Cast: Freeze            |    38 |    38 |    54 ||   130
         Frozen Ramparts   |       |     8 |    14 ||    22
   Stab: Sleeping          |     4 |     2 |       ||     6
 Armour: Robe              |    22 |    17 |    24 ||    63
  Dodge: Dodged            |    55 |    93 |    97 ||   245
  Block: Other             |       |    17 |    40 ||    57
         Reflection        |       |       |     2 ||     2
